 Dungeon Crawl Stone Soup version 0.22.1-6-g1668fe2 (webtiles) character file.

2649 Gingerlord the Ducker (level 9, -1/60 HPs)
             Began as a Halfling Artificer on Jan 26, 2019.
             Was a Believer of Okawaru.
             Splashed by an acid dragon's acid (12 damage)
             ... on level 7 of the Dungeon.
             The game lasted 00:22:52 (9608 turns).

Gingerlord the Ducker (Halfling Artificer)          Turns: 9608, Time: 00:22:52

Health: -1/60      AC: 11    Str: 16    XL:     9   Next: 93%
Magic:  12/12      EV: 12    Int:  9    God:    Okawaru [**....]
Gold:   520        SH:  0    Dex: 15    Spells: 8/8 levels left

rFire    . . .     SeeInvis .   o - +1 scimitar
rCold    . . .     Gourm    .   (shield restricted)
rNeg     . . .     Faith    +   p - +1 chain mail
rPois    .         Spirit   .   (no helmet)
rElec    .         Reflect  .   (no cloak)
rCorr    .         Harm     .   (no gloves)
MR       .....                  (no boots)
Stlth    ..........             b - amulet of faith
HPRegen  0.20/turn              c - ring of flight
MPRegen  0.13/turn              j - ring of stealth

@: no status effects
A: small, mutation resistance 1
a: Heroism, Renounce Religion, Evoke Flight


You were on level 7 of the Dungeon.
You worshipped Okawaru.
Okawaru was pleased with you.
You were not hungry.

You visited 2 branches of the dungeon, and saw 8 of its levels.

You collected 520 gold pieces.

Inventory:

Hand Weapons
 o - a +1 scimitar (weapon)
 q - a +1 long sword
Armour
 n - a +0 plate armour
 p - a +1 chain mail (worn)
Jewellery
 b - an amulet of faith (around neck)
 c - a ring of flight (left hand)
 j - a ring of stealth (right hand)
Wands
 a - a wand of polymorph (5)
 d - a wand of enslavement (6)
Scrolls
 g - a scroll of remove curse
 i - a scroll of enchant weapon
 k - a scroll of identify
 l - a scroll of enchant armour
 r - a scroll of random uselessness {unknown}
Potions
 e - a potion of mutation
 m - 2 potions of magic {unknown}
Comestibles
 f - 14 rations


   Skills:
 + Level 4.8 Fighting
   Level 4.3(5.7) Short Blades
 + Level 4.7(5.3) Long Blades
 + Level 6.1 Armour
 + Level 6.2 Dodging
 - Level 2.2 Stealth
 + Level 3.9 Invocations
 - Level 5.1 Evocations


You had 8 spell levels left.
You didn't know any spells.
Your spell library was empty.

Dungeon Overview and Level Annotations

Branches:
Dungeon (7/15)             Temple (1/1) D:5

Altars:
Cheibriados
Elyvilon
Fedhas
Hepliaklqana
Kikubaaqudgha
Makhleb
Nemelex Xobeh
Okawaru
Qazlal
Sif Muna
Uskayaw
Vehumet
Xom
The Shining One

Annotations:
D:4 2 transporters, MetaCosm's ghost, novice GrFi; Pikel
D:5 1 runed door, Grinder


Innate Abilities, Weirdness & Mutations

You are small and have problems with some larger weapons.
You are somewhat resistant to further mutation.


Message History

r - Retreat! s - Stop attacking. g - Guard the area. f - Follow me.
Anything else - Cancel.
Retreat in which direction?
Press: ? - help, Dir - move target cursor, p - swamp drake Fall back!
Found a robe.
You see here a robe.
An ogre comes into view. It is wielding a giant club.
The ogre shouts!
Evoke which item? (* to show all) (? for menu, Esc to quit)
Aiming: Polymorph
Press: ? - help, Shift-Dir - straight line, f - ogre
Aim: an ogre, wielding a giant club (chance to defeat MR: 62%)
The ogre evaporates and reforms as an acid dragon!
The acid dragon spits acid at you. The splash of acid hits you!
* * * LOW HITPOINT WARNING * * *
You are splashed with acid!
The acid burns!
You die...

## #.#.#
#.# #.#.#
#.# #...#
#.# #####
#.# #.#
#.# #.#
########.#
.....D.@.#
##########


You could see an acid dragon.

Vanquished Creatures
  Sigmund (D:2)
  A hog (D:7)
  Eustachio (D:4)
  3 wargs (D:7)
  A sky beast (D:7)
  2 ogres
  2 centaurs
  2 bullfrogs
  A gnoll sergeant (D:4)
  3 scorpions
  2 wights (D:6)
  A howler monkey (D:7)
  3 crimson imps
  A bullfrog zombie (D:7)
  A jelly (D:5)
  2 hounds
  An orc priest (D:5)
  A bullfrog skeleton (D:5)
  3 orc wizards
  A gnoll shaman (D:7)
  2 iguanas
  2 worker ants
  A killer bee zombie (D:7)
  A worker ant zombie (D:6)
  7 gnolls
  9 adders
  8 oozes
  4 worms
  2 dart slugs
  4 leopard geckos
  27 orcs
  11 giant cockroaches
  6 goblins
  8 hobgoblins
  9 jackals
  5 quokkas
  3 bats
  4 frilled lizards
  11 kobolds
  A leopard gecko skeleton (D:4)
  9 rats
167 creatures vanquished.

Vanquished Creatures (collateral kills)
  An ogre (D:7)
  A wight (D:6)
  A howler monkey (D:7)
3 creatures vanquished.

Vanquished Creatures (others)
  A water moccasin (D:7)
  A warg (D:7)
2 creatures vanquished.

Grand Total: 172 creatures vanquished

Notes
Turn   | Place    | Note
-------+----------+-------------------------------------------
     0 | D:1      | Gingerlord the Halfling Artificer began the quest for the
                  | Orb.
     0 | D:1      | Reached XP level 1. HP: 12/12 MP: 3/3
     1 | D:1      | Found a runed door.
   246 | D:1      | Reached XP level 2. HP: 13/18 MP: 4/4
   394 | D:1      | Reached skill level 1 in Fighting
   944 | D:1      | Reached XP level 3. HP: 16/23 MP: 5/5
  1448 | D:1      | Reached skill level 1 in Armour
  1527 | D:1      | Reached XP level 4. HP: 23/28 MP: 6/6
  2072 | D:2      | Noticed Sigmund
  2079 | D:2      | Killed Sigmund
  2079 | D:2      | Reached XP level 5. HP: 19/34 MP: 6/8
  2079 | D:2      | Reached XP level 6. HP: 21/39 MP: 6/9
  2890 | D:2      | Found a shimmering altar of Xom.
  2890 | D:2      | Found a burning altar of Makhleb.
  3653 | D:3      | Found a blossoming altar of Fedhas.
  3963 | D:4      | Noticed Eustachio
  4010 | D:4      | Noticed an ogre
  4021 | D:4      | Killed an ogre
  4021 | D:4      | Reached XP level 7. HP: 42/45 MP: 10/10
  4130 | D:4      | Reached skill level 1 in Long Blades
  4488 | D:4      | Noticed MetaCosm's ghost (novice GrFi)
  4490 | D:4      | Found a transporter.
  4502 | D:4      | Found a transporter.
  4538 | D:4      | Killed Eustachio
  4867 | D:4      | Noticed Pikel
  4904 | D:5      | Entered Level 5 of the Dungeon
  5235 | D:5      | Reached XP level 8. HP: 23/51 MP: 11/11
  5777 | D:4      | Reached skill level 5 in Evocations
  5961 | D:5      | Found a snail-covered altar of Cheibriados.
  5971 | D:5      | Found a white marble altar of Elyvilon.
  6050 | D:5      | Found a runed door.
  6086 | D:5      | Found a staircase to the Ecumenical Temple.
  6098 | Temple   | Entered the Ecumenical Temple
  6223 | Temple   | Became a worshipper of Warmaster Okawaru
  6508 | D:5      | Noticed Grinder
  7062 | D:6      | Reached skill level 1 in Invocations
  7114 | D:6      | Reached * piety under Okawaru
  7156 | D:6      | Reached skill level 5 in Dodging
  7164 | D:6      | Reached XP level 9. HP: 58/58 MP: 12/12
  7242 | D:6      | Reached skill level 5 in Armour
  7622 | D:7      | HP: 2/58 [something (6)]
  7851 | D:7      | HP: 2/58 [warg (7)]
  8332 | D:7      | Got a scorched amber ring
  8334 | D:7      | Identified the ring "Hufo" {AC+4 Str+3 Slay-6} (You found
                  | it on level 7 of the Dungeon)
  8455 | D:7      | Reached ** piety under Okawaru
  9608 | D:7      | Splashed by an acid dragon's acid

Skill      XL: |  1  2  3  4  5  6  7  8  9 |
---------------+----------------------------+-----
Fighting       | 1 2 3 4 |  4.8
Armour         | 1 2 3 4 6 |  6.1
Short Blades   | 3 4 |  4.3
Dodging        | 3 4 5 6 |  6.2
Stealth        | 2 |  2.2
Evocations     | 4 5 |  5.1
Long Blades    | 2 3 4 |  4.7
Invocations    | 1 3 |  3.9

Action                   |  1- 3 |  4- 6 |  7- 9 || total
-------------------------+-------+-------+-------++-------
Melee: Short sword       |   189 |   225 |       ||   414
       Long sword        |       |    49 |   303 ||   352
       Scimitar          |       |       |   189 ||   189
       Punch             |       |       |     1 ||     1
Invok: Heroism           |       |       |     9 ||     9
Evoke: Wand              |       |    15 |    30 ||    45
  Use: Scroll            |       |     4 |    11 ||    15
       Potion            |       |       |     7 ||     7
 Stab: Sleeping          |     3 |       |       ||     3
       Paralysed         |       |     2 |       ||     2
       Distracted        |       |       |     2 ||     2
  Eat: Chunk             |     1 |     6 |    12 ||    19
       Ration            |       |     1 |     2 ||     3
Armor: Leather armour    |     6 |       |       ||     6
       Ring mail         |    50 |    18 |       ||    68
       Chain mail        |       |    92 |   281 ||   373
Dodge: Dodged            |   136 |   152 |   346 ||   634
       Rpst.: Long sword |       |    13 |    72 ||    85
       Scimitar          |       |       |    46 ||    46
